Map: Cyber Forest LE

Players

Zanster - Winner!

  • Race: Zerg Zerg
  • Spawn Location: 5:00

Kas

  • Race: Terran Terran
  • Spawn Location: 11:00

Event: HomeStory Cup XIX

VOD

Have the link to the VOD?

Description

Time

  • Played on: June 28, 2019, 1:41 p.m.
  • Length: 4:07

All games in this series

Show
View Real Time Build Order
Export as new Build Order

Zanster Zerg - Winner!

Build Orders: Pool First 

Get SALT Encoding   

  12  0:00  Drone  
  13  0:12  Overlord  
  13  0:17  Drone  
  14  0:31  Drone x2  
  16  0:35  Drone  
  16  0:39  Extractor  
  16  0:46  Spawning Pool  
  16  0:49  Drone  
  16  0:56  Drone  
  17  1:08  Drone  
  18  1:21  Hatchery  
  17  1:34  Zergling x4  
  17  1:38  Zergling x2  
  20  1:41  Metabolic Boost  
  20  1:49  Queen  
  22  2:01  Overlord  
  22  2:08  Roach Warren  
  22  2:15  Drone  
  22  2:22  Drone x2  
  24  2:47  Overlord  
  24  2:48  Roach  
  24  2:49  Roach x2  
  30  2:54  Roach x2  
  34  3:08  Zergling x8  
  38  3:20  Zergling x4  
  38  3:27  Ravager x2, Overlord  
  41  3:30  Zergling x4  
  43  3:36  Zergling x2  
Show
View Real Time Build Order
Export as new Build Order

Kas Terran 

Build Orders: Gas First Reaper Expand 

Get SALT Encoding   

  12  0:00  SCV  
  13  0:12  SCV  
  14  0:17  Supply Depot  
  14  0:24  SCV  
  15  0:31  Refinery  
  15  0:38  SCV  
  16  0:44  Barracks  
  16  0:50  SCV  
  17  1:03  SCV  
  18  1:15  SCV  
  19  1:31  Orbital Command, Reaper  
  20  1:43  Command Center  
  20  1:54  Factory  
  20  1:57  SCV  
  21  2:09  Barracks Reactor  
  21  2:11  SCV  
  21  2:12  Supply Depot  
  22  2:17  Refinery  
  22  2:23  SCV  
  22  2:26  Bunker  
  23  2:35  SCV  
  24  2:45  Starport  
  24  2:47  SCV  
  24  2:50  Hellion  
  27  2:52  Hellion  
  29  3:00  Orbital Command  
  29  3:05  Marine  
  29  3:08  SCV  
  31  3:24  SCV  
  30  3:27  SCV  
  33  3:34  Viking, Hellion x2  
  33  3:36  SCV  
  33  3:40  SCV  
  37  3:47  Barracks Tech Lab  
  37  3:48  SCV  
Tags
 
Add a new tag
Caveats
  • Supply blocks, unpowered buildings, or Contaminate may cause inaccurate times.
  • Supply counts are checked every 10 seconds.